 Dungeon Crawl Stone Soup version 0.22.1-1-ga44c0e5 (webtiles) character file.

95 geeseburger the Sneak (level 4, -3/23 HPs)
             Began as a Spriggan Assassin on Sept 28, 2018.
             Killed by nerve-wracking pain
             ... invoked by Grinder
              (14 damage)
             ... on level 3 of the Dungeon.
             The game lasted 00:06:16 (2761 turns).

geeseburger the Sneak (Spriggan Assassin)           Turns: 2761, Time: 00:06:17

Health: -3/23      AC:  3    Str:  8    XL:     4   Next: 40%
Magic:  5/5        EV: 18    Int: 12    God:
Gold:   66         SH:  0    Dex: 17    Spells: 3/3 levels left

rFire    . . .     SeeInvis +   a - +2 dagger
rCold    . . .     Gourm    .   (shield restricted)
rNeg     . . .     Faith    .   j - +0 robe {MR+}
rPois    +         Spirit   .   (helmet restricted)
rElec    .         Reflect  .   d - +0 cloak
rCorr    .         Harm     .   (gloves unavailable)
MR       +....                  (boots unavailable)
Stlth    ++++......             (no amulet)
HPRegen  0.07/turn              n - ring of poison resistance
MPRegen  0.09/turn              (no ring)

@: very quick
A: very small, unfitting armour, see invisible, herbivore, speed 3, slow
metabolism 2
a: no special abilities


You were on level 3 of the Dungeon.
You were not hungry.

You visited 1 branch of the dungeon, and saw 3 of its levels.

You collected 66 gold pieces.

Inventory:

Hand Weapons
 a - a +2 dagger (weapon)
 b - a +0 blowgun
Missiles
 e - 14 poisoned needles
 f - 2 curare-tipped needles
Armour
 c - a +0 robe
 d - a +0 cloak (worn)
 j - a +0 robe of magic resistance (worn)
Jewellery
 h - an uncursed ring of teleportation
 n - a ring of poison resistance (left hand)
Scrolls
 i - a scroll of random uselessness {unknown}
 m - 3 scrolls of fog
Potions
 k - a potion of haste {unknown}
 l - a potion of flight {unknown}
Comestibles
 g - 3 rations


   Skills:
 * Level 2.9 Fighting
 - Level 2.1 Short Blades
 - Level 2.0 Throwing
 + Level 3.3 Dodging
 + Level 6.8 Stealth


You had 3 spell levels left.
You didn't know any spells.
Your spell library was empty.

Dungeon Overview and Level Annotations

Branches:
Dungeon (3/15)

Altars:

Annotations:
D:3 Grinder


Innate Abilities, Weirdness & Mutations

You are very small and have problems with some larger weapons.
You are too small for most types of armour.
You have supernaturally acute eyesight. (SInv)
You are a herbivore.
You cover ground extremely quickly.
You need to consume almost no food.


Message History

Grinder is lightly wounded.
Grinder barely misses you.
You hit Grinder but do no damage.
Grinder is lightly wounded.
Grinder closely misses you.
You hit Grinder.
Grinder is lightly wounded.
You hit Grinder.
Grinder is moderately wounded.
Grinder barely misses you.
You hit Grinder.
Grinder is moderately wounded.
Grinder gestures at you. You resist with almost no effort.
You hit Grinder.
Grinder is moderately wounded.
Grinder gestures at you. Pain shoots through your body!
Ouch! That really hurt!
You die...

#.##†##..#
#.##.##..#
#.##.##..#
#.##.##..#
#.##.##.##
#.##.##.####.#
#...[........#
####....######
###@..##########
#.5...<.......
#...##########
#####


You could see Grinder.

Vanquished Creatures
  Robin (D:2)
  3 adders
  A worm (D:3)
  A dart slug (D:1)
  6 bats
  3 giant cockroaches (D:1)
  9 hobgoblins
  4 kobolds
  4 frilled lizards (D:1)
  13 goblins
  4 rats
49 creatures vanquished.

Notes
Turn   | Place    | Note
-------+----------+-------------------------------------------
     0 | D:1      | geeseburger the Spriggan Assassin began the quest for the
                  | Orb.
     0 | D:1      | Reached XP level 1. HP: 10/10 MP: 2/2
   158 | D:1      | Reached skill level 6 in Stealth
   207 | D:1      | Reached XP level 2. HP: 13/15 MP: 3/3
   954 | D:1      | Reached XP level 3. HP: 15/19 MP: 4/4
  1409 | D:2      | Noticed Robin
  1516 | D:2      | Killed Robin
  1522 | D:2      | Reached XP level 4. HP: 6/23 MP: 5/5
  1527 | D:2      | HP: 1/23 [hobgoblin/club[Robin] (3)]
  2707 | D:3      | Noticed Grinder
  2761 | D:3      | Killed from afar by Grinder

Skill      XL: |  1  2  3 |
---------------+----------+-----
Stealth        | 6 |  6.8
Dodging        | 2 3 |  3.3
Fighting       | 2 |  2.9
Short Blades   | |  2.1
Throwing       | |  2.0

Action                   |  1- 3 |  4- 6 || total
-------------------------+-------+-------++-------
Melee: Dagger            |   170 |    61 ||   231
  Use: Potion            |     1 |       ||     1
       Scroll            |       |     3 ||     3
 Stab: Sleeping          |    12 |       ||    12
       Distracted        |       |     1 ||     1
Armor: Robe              |    11 |     3 ||    14
Dodge: Dodged            |   110 |    31 ||   141
